 Dungeon Crawl Stone Soup version 0.27.1-33-g824d729ab1 (webtiles) character file.

Game seed: 3188116496737892197

4046 Garessta the Jinx (level 10, -14/50 HPs)
             Began as a Vampire Enchanter on Dec 10, 2021.
             Was a Follower of Uskayaw.
             Demolished by a skeletal warrior (17 damage)
             ... led by a skeletal warrior
             ... on level 9 of the Dungeon.
             The game lasted 00:29:29 (9988 turns).

Garessta the Jinx (Vampire Enchanter)               Turns: 9988, Time: 00:29:29

Health: -14/50     AC:  3    Str: 10    XL:     10   Next: 4%
Magic:  0/13       EV: 12    Int: 18    God:    Uskayaw [*.....]
Gold:   424        SH:  8    Dex: 18    Spells: 5/13 levels left

rFire    . . .     SeeInvis +   v - +2 dagger (vamp)
rCold    + + .     Faith    .   t - +3 buckler of Instinct {Fly Will++ Regen+ Str+3}
rNeg     + + +     Spirit   +   b - +1 robe
rPois    ∞         Reflect  .   (no helmet)
rElec    .         Harm     .   (no cloak)
rCorr    .         Rampage  .   (no gloves)
Will     ++++.                  (no boots)
Stlth    +++++++...             w - amulet of guardian spirit
HPRegen  0.00/turn              o - ring of willpower
MPRegen  0.13/turn              (no ring)

@: flying, bloodless, inhibited regen
A: bloodless, fangs 3, see invisible, vampiric 2
a: Bat Form, Revivify, Renounce Religion, Stomp


You were on level 9 of the Dungeon.
You worshipped Uskayaw.
Uskayaw was noncommittal.
You visited 2 branches of the dungeon, and saw 11 of its levels.

You collected 424 gold pieces.

Inventory:

Hand Weapons
 v - a +2 vampiric dagger (weapon)
Armour
 b - a +1 robe (worn)
 t - the +3 buckler of Instinct (worn) {Fly Will++ Regen+ Str+3}
   (You found it on level 5 of the Dungeon)

   Str:       It affects your strength (+3).
   Fly:       It grants you flight.
   Regen:     It increases your rate of health regeneration.
   Will:      It greatly increases your willpower.
Jewellery
 n - an amulet of the acrobat
 o - a ring of willpower (left hand)
 w - an amulet of guardian spirit (around neck)
Wands
 a - a wand of acid (6)
 g - a wand of digging (6)
 l - a wand of iceblast (15)
 y - a wand of flame (14)
Scrolls
 d - 2 scrolls of fear
 f - 2 scrolls of amnesia
 h - a scroll of enchant armour
 p - 6 scrolls of identify
 q - a scroll of summoning {unknown}
 r - 2 scrolls of enchant weapon {unknown}
 x - a scroll of immolation {unknown}
 z - a scroll of acquirement {unknown}
Potions
 c - a potion of might
 e - a potion of haste
 i - a potion of curing
 j - 2 potions of resistance
 k - a potion of attraction
 m - a potion of heal wounds
 s - a potion of ambrosia {unknown}
 u - 3 potions of mutation {unknown}


   Skills:
 + Level 0.2 Fighting
 * Level 5.1 Short Blades
 - Level 2.1 Dodging
 + Level 11.4 Stealth
 - Level 4.0 Shields
 - Level 2.0 Spellcasting
 * Level 14.0 Hexes
 + Level 4.0 Invocations


You had 5 spell levels left.
You knew the following spells:

 Your Spells              Type           Power      Damage    Failure   Level
b - Ensorcelled Hibernat  Hex/Ice        54%        N/A       1%          2
c - Confusing Touch       Hex            51%        N/A       1%          3
d - Dazzling Flash        Conj/Hex       54%        N/A       3%          3

Your spell library contained the following spells:

 Spells                   Type           Power      Damage    Failure   Level
 Corona                   Hex            56%        N/A       1%          1
 Tukima's Dance           Hex            51%        N/A       1%          3
 Animate Skeleton         Necr           2%         N/A       19%         1
 Apportation              Tloc           2%         N/A       19%         1
 Summon Small Mammal      Summ           4%         N/A       19%         1
 Corpse Rot               Necr/Air       N/A        N/A       26%         2
 Metabolic Englaciation   Hex/Ice        13%        N/A       28%         5
 Yara's Violent Unravell  Hex/Tmut       13%        3d7       28%         5
 Ozocubu's Armour         Ice            1%         N/A       47%         3
 Stone Arrow              Conj/Erth      2%         3d7       47%         3
 Passage of Golubria      Tloc           N/A        N/A       87%         4
 Lee's Rapid Deconstruct  Erth           0%         3d5*      99%         5
 Simulacrum               Ice/Necr       0%         N/A       100%        6
 Death's Door             Necr           Unusable   N/A       N/A         9

Dungeon Overview and Level Annotations

Branches:
Dungeon (10/15)            Temple (1/1) D:7
   Lair: D:8-11         Orc: D:9-12

Altars:
Ashenzari
Cheibriados
Dithmenos
Elyvilon
Fedhas
Gozag
Hepliaklqana
Kikubaaqudgha
Makhleb
Nemelex Xobeh
Okawaru
Qazlal
Ru
Sif Muna
Trog
Uskayaw
Vehumet
Wu Jian
Xom
Yredelemnul
Zin
The Shining One

Shops:
D:5 (

Annotations:
D:4 Grinder


Innate Abilities, Weirdness & Mutations

You do not regenerate when monsters are visible.
You are frail without blood (-20% HP).
You can heal yourself when you bite living creatures.
You are immune to poison.
You have razor-sharp teeth.
You have supernaturally acute eyesight. (SInv)
You are afflicted with vampirism and can become a bat while bloodless.


Message History

The skeletal warrior closely misses you.
You barely miss the skeletal warrior.
You block the skeletal warrior's attack.
You hit the skeletal warrior but do no damage.
The skeletal warrior closely misses you.
You hit the skeletal warrior but do no damage.
You hit the skeletal warrior but do no damage.
You bite the skeletal warrior, but do no damage.
The skeletal warrior closely misses you.
You hit the skeletal warrior but do no damage.
You block the skeletal warrior's attack.
You hit the skeletal warrior but do no damage.
You block the skeletal warrior's attack.
You hit the skeletal warrior but do no damage.
You hit the skeletal warrior but do no damage.
The skeletal warrior barely misses you.
You hit the skeletal warrior but do no damage.
You bite the skeletal warrior, but do no damage.
You block the skeletal warrior's attack.
You hit the skeletal warrior but do no damage.
You bite the skeletal warrior, but do no damage.
The skeletal warrior completely misses you.
You closely miss the skeletal warrior.
You hit the skeletal warrior but do no damage.
You bite the skeletal warrior, but do no damage.
The skeletal warrior closely misses you.
You hit the skeletal warrior but do no damage.
Your bite misses the skeletal warrior.
Your hands stop glowing.
The skeletal warrior hits you with a +2 halberd of freezing!
The skeletal warrior freezes you.
You completely miss the skeletal warrior.
The skeletal warrior hits you with a +2 halberd of freezing!!
* * * LOW HITPOINT WARNING * * *
The skeletal warrior freezes you.
* * * LOW HITPOINT WARNING * * *
You barely miss the skeletal warrior. You barely miss the skeletal warrior.
The skeletal warrior hits you with a +2 halberd of freezing!!
You die...

#################
####
#>.......>......#
#..#
#####...........@...#
#..#
...............z....#
#..#
....................#
#..#
####................#
#..#
#....######..K...#
#..#### #....####
#......######.....#
#.......#
#.................#
#....##.#
#..........<......#
####....##'#
#.#'########......##


You could see a skeletal warrior and a kobold demonologist.

Vanquished Creatures
  A deep elf pyromancer (D:9)
  A kobold demonologist (D:9)
  A vampire (D:10)
  A yak (D:10)
  2 wraiths
  A steam dragon (D:8)
  An acid dragon (D:8)
  2 water moccasins (D:7)
  2 sky beasts (D:7)
  A black bear (D:7)
  2 ice beasts (D:7)
  3 centaurs
  3 phantoms
  A scorpion (D:5)
  A bullfrog (D:5)
  A water moccasin skeleton (D:4)
  A wyvern skeleton (D:5)
  3 killer bees (D:6)
  3 wights (D:9)
  5 howler monkeys
  A bullfrog zombie (D:6)
  A jelly (D:5)
  A bullfrog skeleton (D:5)
  4 centaur zombies
  4 orc priests
  An iguana (D:4)
  4 orc wizards
  A hound skeleton (D:4)
  Robin (D:4)
  3 gnolls
  2 howler monkey skeletons
  10 adders
  A shadow imp (D:7)
  A white imp (D:6)
  An adder skeleton (D:4)
  A dart slug (D:2)
  17 orcs
  5 bats
  11 endoplasms
  6 giant cockroaches
  18 goblins
  9 hobgoblins
  9 jackals
  5 kobolds
  6 quokkas
  8 ball pythons
  4 frilled lizards (D:1)
  4 rats
175 creatures vanquished.

Vanquished Creatures (others)
  41 plants (D:8)
41 creatures vanquished.

Grand Total: 216 creatures vanquished

Notes
Turn   | Place    | Note
-------+----------+-------------------------------------------
     0 | D:1      | Garessta the Vampire Enchanter began the quest for the Orb.
     0 | D:1      | Reached XP level 1. HP: 13/13 MP: 3/3
   129 | D:1      | Reached skill level 5 in Hexes
   129 | D:1      | Reached XP level 2. HP: 15/19 MP: 5/5
   137 | D:1      | Learned a level 2 spell: Ensorcelled Hibernation
   390 | D:1      | Reached skill level 5 in Stealth
   571 | D:1      | Gained mutation: You are afflicted with vampirism and can
                  | become a bat while bloodless. [Vampire growth]
   571 | D:1      | Reached XP level 3. HP: 19/24 MP: 0/6
  1252 | D:2      | Found a faded altar of an unknown god.
  1556 | D:2      | Reached skill level 6 in Hexes
  2001 | D:2      | Reached XP level 4. HP: 20/24 MP: 2/7
  2532 | D:3      | Reached skill level 7 in Hexes
  2536 | D:3      | Reached XP level 5. HP: 28/28 MP: 8/8
  2867 | D:3      | Learned a level 3 spell: Confusing Touch
  3640 | D:4      | Reached skill level 8 in Hexes
  3817 | D:4      | Noticed Grinder
  4213 | D:4      | Noticed a phantom
  4220 | D:4      | Killed a phantom
  4221 | D:4      | Reached XP level 6. HP: 32/32 MP: 9/9
  4241 | D:4      | Reached skill level 9 in Hexes
  4533 | D:4      | Noticed Robin
  4581 | D:4      | Killed Robin
  5034 | D:5      | Entered Level 5 of the Dungeon
  5043 | D:5      | Reached skill level 10 in Hexes
  5043 | D:5      | Reached XP level 7. HP: 36/36 MP: 6/10
  5418 | D:5      | Learned a level 3 spell: Dazzling Flash
  5501 | D:5      | Found Fefei's Weapon Shoppe.
  5510 | D:5      | Identified the +3 buckler of Instinct {Fly Will++ Regen+
                  | Str+3}
  5531 | D:5      | Reached skill level 1 in Shields
  6158 | D:6      | Reached XP level 8. HP: 37/41 MP: 2/11
  6846 | D:7      | Reached skill level 11 in Hexes
  6861 | D:7      | Found a staircase to the Ecumenical Temple.
  6866 | Temple   | Entered the Ecumenical Temple
  6879 | Temple   | Became a worshipper of Uskayaw the Reveller
  6902 | D:7      | Reached * piety under Uskayaw
  6971 | D:7      | Reached skill level 1 in Invocations
  6975 | D:7      | Reached ** piety under Uskayaw
  7154 | D:7      | Reached *** piety under Uskayaw
  7155 | D:7      | Reached skill level 12 in Hexes
  7395 | D:7      | Reached skill level 10 in Stealth
  7728 | D:7      | Reached XP level 9. HP: 45/45 MP: 9/12
  8000 | D:8      | Noticed a skeletal warrior
  8000 | D:8      | Noticed a skeletal warrior
  8000 | D:8      | Noticed a skeletal warrior
  8102 | D:8      | Noticed a skeletal warrior
  8246 | D:8      | HP: 1/45 [skeletal warrior[a skeletal warrior] (18)]
  8565 | D:9      | Noticed a kobold demonologist
  8565 | D:9      | Noticed a kobold demonologist
  8596 | D:9      | Noticed a rust devil
  8670 | D:8      | Noticed a komodo dragon
  9157 | D:9      | Killed a kobold demonologist
  9158 | D:9      | Reached skill level 13 in Hexes
  9354 | D:9      | Noticed a deep elf pyromancer
  9364 | D:9      | Killed a deep elf pyromancer
  9550 | D:9      | Found an ornate altar of the Wu Jian Council.
  9618 | D:9      | Found a stormy altar of Qazlal.
  9623 | D:9      | Found a basalt altar of Yredelemnul.
  9626 | D:9      | Found an ancient bone altar of Kikubaaqudgha.
  9750 | D:10     | Entered Level 10 of the Dungeon
  9820 | D:10     | Got Sif Muna's Guide on the Mountains and Evil Secrets
  9831 | D:10     | Reached skill level 5 in Short Blades
  9831 | D:10     | Reached XP level 10. HP: 50/50 MP: 13/13
  9869 | D:9      | Reached skill level 14 in Hexes
  9988 | D:9      | Demolished by a skeletal warrior

Illustrated notes

Levels and vault maps discovered:
D:1:      minmay_arrival_doors, layout_basic
D:2:      minmay_evil_eye, layout_loops_ring, ebering_ecumenical_altar_rust
D:3:      layout_basic, serial_park_tiny_2
D:4:      layout_cave_pods, uniq_grinder, uniq_robin
D:5:      layout_cave_pools, serial_shops, shop, minmay_misc_feat_encased,
          kennysheep_decorative_pillar
D:6:      layout_gridville, portal_sewer_entry_f, serial_bayou_pond_a
D:7:      layout_gridville, minmay_temple_entry_arrows
D:8:      layout_rooms, david_lair_shrubbed, minmay_mini_ossuary
D:9:      layout_irregular_city, kennysheep_little_box,
          minmay_overflow_temple_star_quad
D:10:     layout_loops_cross, serial_shops, nicolae_shop_behind_doors,
          uniq_urug, uniq_psyche, uniq_grum, uniq_harold
Temple:   nicolae_temple_no_exploring_needed

Skill      XL: |  1  2  3  4  5  6  7  8  9 10 |
---------------+-------------------------------+-----
Hexes          | 5 6 7 8 10 12 13 14 | 14.0
Stealth        | 5 6 7 8 10 11 | 11.4
Shields        | 3 4 |  4.0
Invocations    | 2 3 4 |  4.0
Short Blades   | 2 5 |  5.1
Fighting       | |  0.2
Dodging        | |  2.1
Spellcasting   | |  2.0

Action                   |  1- 3 |  4- 6 |  7- 9 | 10-12 || total
-------------------------+-------+-------+-------+-------++-------
Melee: Dagger            |   125 |   148 |   203 |    25 ||   501
       Bite              |     7 |    11 |    20 |     4 ||    42
 Cast: Ensorcelled Hiber |    23 |    25 |    60 |       ||   108
       Confusing Touch   |       |     6 |    13 |     2 ||    21
       Dazzling Flash    |       |       |     1 |       ||     1
Invok: Line Pass         |       |       |     2 |       ||     2
 Abil: Exsanguinate      |     1 |       |       |       ||     1
       End Transformatio |       |       |     1 |       ||     1
       Bat Form          |       |       |     1 |       ||     1
Evoke: Wand              |       |       |     1 |       ||     1
  Use: Potion            |     1 |       |     1 |       ||     2
       Scroll            |       |       |    14 |       ||    14
 Stab: Sleeping          |    32 |    42 |    45 |       ||   119
       Confused          |       |     5 |    18 |     1 ||    24
       Distracted        |       |     1 |     1 |       ||     2
Armor: Robe              |    24 |    12 |    19 |       ||    55
Dodge: Dodged            |    65 |    76 |    85 |     9 ||   235
Block: Buckler           |       |       |    57 |    13 ||    70
